 Dungeon Crawl Stone Soup version 0.23.1-37-gaa34b87 (webtiles) character file.

Game seed: 7237775550735806188

4283 snowfan the Destroyer (level 10, -9/57 HPs)
             Began as a Deep Elf Conjurer on Mar 25, 2019.
             Was a Follower of Sif Muna.
             Mangled by a two-headed ogre
             ... wielding a +0 giant club
              (22 damage)
             ... on level 7 of the Dungeon on Mar 26, 2019.
             The game lasted 01:03:42 (12596 turns).

snowfan the Destroyer (Deep Elf Conjurer)          Turns: 12596, Time: 01:03:42

Health: -9/57      AC:  5    Str:  5    XL:     10   Next: 10%
Magic:  24/24      EV: 17    Int: 24    God:    Sif Muna [*.....]
Gold:   538        SH:  0    Dex: 15    Spells: 4/25 levels left

rFire    + . .     SeeInvis .   l - +0 hunting sling
rCold    . . .     Gourm    +   (no shield)
rNeg     . . .     Faith    .   a - +0 robe
rPois    .         Spirit   .   p - +0 helmet
rElec    .         Reflect  .   v - +0 cloak
rCorr    .         Harm     .   J - +0 pair of gloves
MR       +....                  (no boots)
Stlth    ++........             A - amulet of the gourmand
HPRegen  0.19/turn              q - ring of protection from fire
MPRegen  0.19/turn              (no ring)

@: no status effects
A: no striking features
a: Divine Energy, Renounce Religion


You were on level 7 of the Dungeon.
You worshipped Sif Muna.
Sif Muna was aware of your devotion.
You were not hungry.

You visited 2 branches of the dungeon, and saw 9 of its levels.
You also visited: Ossuary.

You collected 538 gold pieces.

Inventory:

Hand Weapons
 l - a +0 hunting sling (weapon)
 u - a +2 quarterstaff of chaos
Missiles
 d - 198 stones
 y - 18 sling bullets (quivered)
Armour
 a - a +0 robe (worn)
 p - a +0 helmet (worn)
 v - a +0 cloak (worn)
 J - a +0 pair of gloves (worn)
Jewellery
 q - a ring of protection from fire (left hand)
 A - an amulet of the gourmand (around neck)
 K - an uncursed amulet of harm
 O - an uncursed ring of protection from fire
Wands
 j - a wand of flame (16)
 M - a wand of disintegration (12)
Scrolls
 b - 6 scrolls of identify
 e - 2 scrolls of blinking
 f - 4 scrolls of enchant armour
 g - a scroll of random uselessness {unknown}
 i - a scroll of remove curse
 m - a scroll of magic mapping {unknown}
 r - 4 scrolls of teleportation {unknown}
 t - 2 scrolls of immolation {unknown}
 C - a scroll of noise {unknown}
 E - 2 scrolls of amnesia {unknown}
 H - a scroll of torment {unknown}
Potions
 h - 3 potions of haste
 k - a potion of agility {unknown}
 n - a potion of flight {unknown}
 o - 2 potions of degeneration {unknown}
 s - 4 potions of heal wounds {unknown}
 w - a potion of ambrosia {unknown}
 x - 4 potions of curing {unknown}
 z - a potion of cancellation {unknown}
 B - a potion of mutation {unknown}
 D - 4 potions of invisibility {unknown}
 F - 2 potions of brilliance {unknown}
 G - 3 potions of lignification {unknown}
 I - a potion of berserk rage {unknown}
 L - a potion of magic {unknown}
Comestibles
 c - 13 rations


   Skills:
 - Level 4.2 Fighting
 - Level 7.6 Dodging
 - Level 2.4 Stealth
 - Level 8.3 Spellcasting
 + Level 11.3 Conjurations
 + Level 6.0 Hexes


You had 4 spell levels left.
You knew the following spells:

 Your Spells              Type           Power        Failure   Level  Hunger
a - Magic Dart            Conj           ####         1%          1    None
b - Iskenderun's Mystic   Conj           ######..     1%          4    ##.....
c - Confuse               Hex            #####...     1%          3    None
d - Dazzling Spray        Conj/Hex       ######       1%          3    None
e - Force Lance           Conj/Tloc      #####...     6%          4    ##.....
f - Fulminant Prism       Conj/Hex       ######....   1%          4    ##.....
s - Searing Ray           Conj           ######       1%          2    None

Your spell library contained the following spells:

 Spells                   Type           Power        Failure   Level  Hunger
 Confusing Touch          Hex            #####.       1%          1    None
 Gell's Gravitas          Tloc           ##........   19%         3    None
 Petrify                  Tmut/Erth      ##......     52%         4    ##.....
 Metabolic Englaciation   Hex/Ice        ###.......   45%         5    ####...
 Yara's Violent Unravell  Hex/Tmut       ###.......   45%         5    ####...


Dungeon Overview and Level Annotations

Branches:
Dungeon (8/15)             Temple (1/1) D:7
   Lair: D:8-11

Altars:
Ashenzari
Cheibriados
Dithmenos
Elyvilon
Fedhas
Hepliaklqana
Makhleb
Nemelex Xobeh
Okawaru
Qazlal
Ru
Sif Muna
Trog
Uskayaw
Vehumet
Wu Jian
Xom
Yredelemnul
Zin
The Shining One

Annotations:
D:3 Grinder


Message History

There is a stone staircase leading down here.
You climb downwards.
There is a stone staircase leading up here.
You see here a hand axe.
You see here a shiny scale mail.
There is a stone staircase leading down here.
Okay, then.
You climb downwards.
The two-headed ogre shouts in stereo!
The two-headed ogre misses you.
The two-headed ogre hits you with a +0 giant club.
There is a stone staircase leading up here.
The two-headed ogre hits you with a +0 giant club!!
The two-headed ogre closely misses you.
You climb upwards.
There is a stone staircase leading down here.
The two-headed ogre hits you with a +0 giant club!!
* * * LOW HITPOINT WARNING * * *
The two-headed ogre hits you with a +0 giant club!!
You die...

####.....###..[##.# #.#
# #......#######....#
#.# #
#....#.####......##
##.#
#....#..##........##
#..###
#....##.#..........#
###.#..#
#....##............#
#.._...#
#....###...........#
#.#.#..# ######
##.....O....####......#
#.....>@.............#
##.........#####.....#
#..........# #.....#
#..........# #######
#..........#
#..........#
#..........#
##........## ##......##


You could see a two-headed ogre.

Vanquished Creatures
  Pikel (D:4)
  3 slime creatures
  Sigmund (D:2)
  Menkaure (D:6)
  Edmund (D:6)
  A water moccasin (D:6)
  A slave (D:4)
  An orc warrior (D:8)
  2 phantoms
  A centaur (D:6)
  3 ogres
  4 big kobolds
  A bullfrog (D:7)
  An elf zombie (Ossuary)
  A scorpion (D:7)
  4 killer bees (D:6)
  A bullfrog zombie (D:7)
  4 centaur zombies (Ossuary)
  An orc priest (D:3)
  3 hounds
  2 bullfrog skeletons
  5 jellies
  4 orc wizards
  Terence (D:3)
  Natasha (thrice) (D:3)
  Crazy Yiuf (D:3)
  An iguana (D:8)
  13 worker ants
  A big kobold zombie (Ossuary)
  2 mummies (Ossuary)
  A hound skeleton (D:6)
  Robin (D:2)
  7 gnolls (D:7)
  12 adders
  A river rat (D:5)
  2 shadow imps
  6 oozes
  2 adder zombies (Ossuary)
  An adder skeleton (D:7)
  6 worms
  A dart slug (D:1)
  7 leopard geckos
  17 orcs
  10 giant cockroaches
  6 hobgoblins
  6 jackals
  12 kobolds
  4 quokkas
  3 ball pythons
  6 bats
  7 frilled lizards
  12 goblins
  A goblin zombie (Ossuary)
  10 hobgoblin zombies (Ossuary)
  13 kobold zombies (Ossuary)
  A leopard gecko skeleton (D:4)
  5 orc zombies (Ossuary)
  A quokka zombie (D:7)
  9 rats
239 creatures vanquished.

Vanquished Creatures (others)
  A wizard (D:6)
  25 fulminant prisms
  7 fungi (D:6)
  9 toadstools (D:6)
42 creatures vanquished.

Grand Total: 281 creatures vanquished

Notes
Turn   | Place    | Note
-------+----------+-------------------------------------------
     0 | D:1      | snowfan the Deep Elf Conjurer began the quest for the Orb.
     0 | D:1      | Reached XP level 1. HP: 10/10 MP: 6/6
   343 | D:1      | Reached XP level 2. HP: 12/15 MP: 4/8
   453 | D:1      | Reached skill level 5 in Conjurations
   905 | D:2      | Reached XP level 3. HP: 19/19 MP: 0/9
  1222 | D:2      | Reached skill level 6 in Conjurations
  1364 | D:2      | Noticed Robin
  1421 | D:2      | Killed Robin
  1421 | D:2      | Reached XP level 4. HP: 16/24 MP: 3/10
  1674 | D:2      | Learned a level 2 spell: Searing Ray
  1679 | D:2      | Learned a level 4 spell: Iskenderun's Mystic Blast
  1858 | D:2      | Noticed Sigmund
  1881 | D:2      | Killed Sigmund
  1881 | D:2      | Reached skill level 7 in Conjurations
  1881 | D:2      | Reached XP level 5. HP: 24/28 MP: 2/11
  2224 | D:3      | Reached skill level 8 in Conjurations
  2335 | D:3      | Found a runed translucent door.
  2336 | D:3      | Noticed Crazy Yiuf
  2361 | D:3      | Killed Crazy Yiuf
  2361 | D:3      | Reached XP level 6. HP: 30/32 MP: 3/12
  2463 | D:3      | Noticed Natasha
  2479 | D:3      | Killed Natasha
  2598 | D:3      | Noticed Natasha
  2611 | D:3      | Killed Natasha
  2714 | D:3      | Noticed Grinder
  2719 | D:3      | Noticed Natasha
  2729 | D:3      | Killed Natasha
  3050 | D:4      | Noticed a slave
  3051 | D:4      | Noticed Pikel
  3112 | D:3      | Learned a level 3 spell: Dazzling Spray
  3132 | D:3      | Noticed Terence
  3484 | D:3      | Killed Terence
  3484 | D:3      | Reached skill level 9 in Conjurations
  4115 | D:4      | Reached XP level 7. HP: 36/36 MP: 0/13
  5450 | D:4      | Killed Pikel
  5450 | D:4      | Reached XP level 8. HP: 34/41 MP: 0/22
  5590 | D:4      | Learned a level 4 spell: Fulminant Prism
  5787 | D:5      | Entered Level 5 of the Dungeon
  5868 | D:5      | Reached skill level 10 in Conjurations
  6129 | D:5      | Found a shimmering altar of Xom.
  6136 | D:5      | Found a stormy altar of Qazlal.
  6136 | D:5      | Found a burning altar of Makhleb.
  6136 | D:5      | Found a snail-covered altar of Cheibriados.
  6136 | D:5      | Found a hazy altar of Hepliaklqana.
  6136 | D:5      | Found a bloodstained altar of Trog.
  6138 | D:5      | Found a sacrificial altar of Ru.
  6140 | D:5      | Found a shadowy altar of Dithmenos.
  6141 | D:5      | Found a shattered altar of Ashenzari.
  6333 | D:5      | Found a sand-covered staircase.
  6344 | Ossuary  | Entered an ossuary
  6699 | Ossuary  | Reached skill level 1 in Fighting
  7964 | D:6      | Found a bloodstained altar of Trog.
  8066 | D:6      | Noticed a wizard
  8072 | D:6      | Killed a wizard
  8215 | D:6      | Reached XP level 9. HP: 30/52 MP: 2/23
  8353 | D:6      | Learned a level 4 spell: Force Lance
  8383 | D:6      | Noticed Edmund
  8414 | D:6      | Killed Edmund
  8624 | D:6      | Noticed Menkaure
  8692 | D:6      | Killed Menkaure
  8692 | D:6      | Reached skill level 5 in Dodging
  9427 | D:7      | Found a staircase to the Ecumenical Temple.
  9434 | Temple   | Entered the Ecumenical Temple
  9485 | Temple   | Became a worshipper of Sif Muna the Loreminder
 10127 | D:7      | Found a sparkling altar of Nemelex Xobeh.
 10362 | D:7      | Found a runed translucent door.
 10363 | D:7      | Found a runed translucent door.
 10779 | D:7      | Learned a level 3 spell: Confuse
 10789 | D:8      | Noticed a two-headed ogre
 10819 | D:8      | Reached skill level 1 in Hexes
 10948 | D:8      | Noticed a two-headed ogre
 11874 | D:5      | Reached * piety under Sif Muna
 11874 | D:5      | Reached skill level 11 in Conjurations
 11874 | D:5      | Reached skill level 5 in Hexes
 12248 | D:6      | Reached XP level 10. HP: 57/57 MP: 7/24
 12596 | D:7      | Mangled by a two-headed ogre

Skill      XL: |  1  2  3  4  5  6  7  8  9 10 |
---------------+-------------------------------+-----
Conjurations   | 5 6 7 8 9 10 11 | 11.3
Spellcasting   | 8 |  8.3
Fighting       | 4 |  4.2
Dodging        | 7 |  7.6
Hexes          | 5 6 |  6.0
Stealth        | |  2.4

Action                   |  1- 3 |  4- 6 |  7- 9 | 10-12 || total
-------------------------+-------+-------+-------+-------++-------
Melee: Short sword       |     2 |       |       |       ||     2
 Fire: Hunting sling     |     8 |    24 |    30 |       ||    62
 Cast: Magic Dart        |    82 |    94 |   294 |     1 ||   471
       Searing Ray       |       |    26 |    36 |       ||    62
       Iskenderun's Myst |       |     3 |    70 |     6 ||    79
       Dazzling Spray    |       |       |     4 |       ||     4
       Fulminant Prism   |       |       |    26 |       ||    26
       Force Lance       |       |       |     2 |       ||     2
       Confuse           |       |       |     1 |       ||     1
  Use: Scroll            |       |     4 |     3 |       ||     7
       Potion            |       |       |     1 |       ||     1
  Eat: Chunk             |     1 |     9 |    37 |       ||    47
       Ration            |       |       |     1 |       ||     1
Armor: Robe              |     1 |       |    10 |       ||    11
       Animal skin       |       |    25 |    14 |       ||    39
Dodge: Dodged            |     6 |    44 |   101 |     2 ||   153
